cohdb
Replays
Latest Replays
All Replays
Popular Replays
Top Player Replays
Match Explorer
How It Works
Community
CoH3 Stats
Reddit
Sign in to upload your games and track your stats! →
Sign in with Steam
Match 20609108
Unlisted
Match 20609108
Overview
Messages
Build Orders
End
Construct Infanterie Kompanie
MG 42 Machine Gun Team
Grenadier Squad
Grenadier Squad
Construct Panzergrenadier Kompanie
251 Medium Carrier
Pak 40 Anti-tank Gun Team
Medical Station
Construct Panzer Kompanie
MG 42 Bunker
Selects Breakthrough Battlegroup
Selects 2.5-tonne Cargo Truck
Selects Blitzkrieg
Selects Panzer IV Command Tank Sd.Kfz. 161/1
Selects Assault Grenadiers
Panzer IV Medium Tank
251 Medium Carrier
251 Medium Carrier
Panzer IV Medium Tank
Selects Smoke Bombing Run
Selects Incendiary Bombing Run
Incendiary Bombing Run
Pioneer Squad
MG 42 Machine Gun Team
Panzer IV Command Tank
Side Skirts
MG 42 Machine Gun Team
IronChest
rourke
SneaKerz
gb_gbg
0
0
Comments
sign in to comment!
No comments posted yet!